Nobbs, lawful female human Valkyrie --------- |.......-##### --------------- |.......| # |.............| |.......-####`##)###############` |..........>..| |.......| # # |.............| |........ #### ##d |.............| ----+---- # # |.............| # `####### -----.-.------- # ---------# ### # |........# ## # |.......|# ###### # |.......|# # # ### |.......|# # ### -.-|-- #-...`...|# # # |....-#######---------### ------------|- #############---------------- |....| # |............. #--.-- #-..............| |..<.| ##.............|###`...[.########|...........{..| |....| |.............####|...| #...............| ------ -------------- ----- ---------------- Nobbs the Skirmisher Experience level: 3 Strength: 18/04 Dexterity: 10 Constitution: 16 Intelligence: 8 Wisdom: 9 Charisma: 10 Health: 29(29) Energy: 6(6) Def: 5 Gold: 340 Moves: 1466 Dungeon seed: CDxJI01dhjmQX_R0 Game ID: Nobbs_1509563216 Your Inventory: Coins $ - 340 gold pieces Weapons a - a +1 long sword (weapon in hand) Armor e - an uncursed +3 small shield (being worn) n - an uncursed +0 cloak of invisibility (being worn) Comestibles c - 2 uncursed food rations d - 4 uncursed lichen corpses Rings g - an uncursed ring of regeneration Tools f - an uncursed sack i - an uncursed tin whistle Spells and supernatural/magical abilities: Name Level Category Fail Memory W - pray for help -- divine ? -- Your skills at the end: Fighting Skills Weapon Skills dagger [Basic] long sword [Basic] Spellcasting Skills Final Attributes: You were piously aligned. You were cold resistant. You were invisible. You were stealthy. You survived. Vanquished creatures: a wererat an acid blob a giant rat a brown mold a yellow mold a gnome zombie 2 geckos 6 jackals a fox a goblin a sewer rat 3 grid bugs 6 lichens 6 newts 32 creatures vanquished. Voluntary challenges: You were an atheist. You used a wielded weapon 26 times, starting on turn 8. You were illiterate. You never genocided any monsters. You never polymorphed an object. You never changed form. You used no wishes. You never split a pudding. You never wrote Elbereth's name. You never violated your personal moral code. Dungeon overview: The Dungeons of Doom: levels 1 to 4 Level 1 a fountain a long staircase Level 2 some fountains Level 3 <- You were here a fountain Level 4 History has recorded: On T:1 you entered the Dungeons of Doom to retrieve the Amulet of Yendor! On T:169 you reached level 2 of The Dungeons of Doom. On T:275 you advanced to experience level 2. On T:551 you advanced to experience level 3. On T:688 you reached level 3 of The Dungeons of Doom. On T:850 you reached level 4 of The Dungeons of Doom. Score breakdown: Gold: 340 ( 8615 points) Experience: 3 levels ( 7878 points) Exploration: 4 levels ( 8.70%) ( 7745 points) Discoveries: 2 items ( 0.81%) ( 2705 points) Valuables value: (no points given unless you survive) Artifact value: 0 ( 0 points) Variety of kills: 14 monsters ( 3.67%) ( 5750 points) Turncount: 1466 turns ( 0 points) Survival: quit (score multiplied by 90%) Total score: 29423 Latest messages: You manage to look away just in time; but that disturbs your aim, and you miss. You displace Fuffy. (2x) You stop. Fuffy is in the way! The floating eye glares at you. You manage to look away just in time; but that disturbs your aim, and you miss. The floating eye glares at you. You manage to look away just in time; but that disturbs your aim, and you miss. The floating eye bumps right into you! You stop. Fuffy is in the way! The floating eye glares at you. You manage to look away just in time; but that disturbs your aim, and you miss. The floating eye glares at you. You manage to look away just in time; but that disturbs your aim, and you miss. You displace Fuffy. You try to move the boulder, but in vain. You are beginning to feel hungry. That food really hit the spot! You finish eating the food ration. To quit the game, use the 'save' command (typically on 'S'). The sack is empty. The sack is empty. Final status: Farvel Nobbs the Valkyrie, quit... You quit in The Dungeons of Doom on dungeon level 3 with 29423 points, and 340 pieces of gold, after 1466 moves. You were level 3 with a maximum of 29 hit points when you quit.